 Dungeon Crawl Stone Soup version bcrawl-1.28.1b (webtiles) character file.

Game seed: 9068140459323967516

92316 Adamkad1 the Ruffian (level 2, -2/23 HPs)
             Began as a Draconian Transmuter on Dec 12, 2020.
             Slain by a hobgoblin (4 damage)
             ... on level 2 of the Dungeon.
             The game lasted 00:00:42 (743 turns).

Adamkad1 the Ruffian (Draconian Transmuter)          Turns: 743, Time: 00:00:43

Health: -2/23      AC:  4    Str: 12    XL:     2   Next: 37%
Magic:  5/5        EV: 12    Int: 13    God:
Gold:   84         SH:  0    Dex: 11    Spells: 4/5 levels left

rFire    . . .     SeeInvis .     - Fists (6.6)
rCold    . . .     Gourm    .   (no shield)
rNeg     . . .     Faith    .   (armour unavailable)
rPois    .         Spirit   .   (helmet currently unavailable)
rElec    .         Reflect  .   (no cloak)
rCorr    .         Harm     .   (no gloves)
MR       .....                  (no boots)
Stlth    +.........             (no amulet)
HPRegen  0.07/turn              (no ring)
MPRegen  0.09/turn              (no ring)

@: appendage (expiring)
A: unfitting armour, horns 3, cold-blooded, AC +4
a: End Transformation


You were on level 2 of the Dungeon.
You were hungry.
You had grown temporary horns.
You visited 1 branch of the dungeon, and saw 2 of its levels.

You collected 84 gold pieces.

Inventory:

Missiles
 a - 120 arrows
Scrolls
 g - a scroll of identify
Potions
 b - a potion of heal wounds {unknown}
 c - a potion of lignification
 d - a potion of agility {unknown}
 f - a potion of curing {unknown}
 h - a potion of magic {unknown}
 i - a potion of invisibility {unknown}
 j - a potion of resistance {unknown}
Comestibles
 e - 2 rations {!d}


   Skills:
 + Level 1.5 Fighting
 + Level 2.0 Dodging
 + Level 3.1 Unarmed Combat
 + Level 2.1 Spellcasting
 + Level 2.2 Transmutations


You had 4 spell levels left.
You knew the following spells:

 Your Spells              Type           Power        Failure   Level  Hunger
a - Beastly Appendage     Tmut           #.....       10%         1    None

Your spell library contained the following spells:

 Spells                   Type           Power        Failure   Level  Hunger
 Sticks to Snakes         Tmut           #.......     16%         2    ##.....
 Passwall                 Tmut/Erth      #.......     24%         2    ##.....
 Spider Form              Tmut/Pois      #..          43%         3    ####...
 Ice Form                 Ice/Tmut       #.......     85%         4    ######.
 Blade Hands              Tmut           #.........   95%         5    #######


Dungeon Overview and Level Annotations

Branches:
Dungeon (2/12)

Altars:


Innate Abilities, Weirdness & Mutations

Your plain brown scales are hard. (AC +4)
You cannot fit into any form of body armour.
You are cold-blooded and may be slowed by cold attacks.
You have a pair of large horns on your head.


Message History

There are monsters nearby!
The hobgoblin closely misses you.
You hit the hobgoblin.
The hobgoblin is severely wounded.
The hobgoblin closely misses you.
You barely miss the hobgoblin. Your headbutt misses the hobgoblin.
The hobgoblin is severely wounded.
Your transformation is almost over.
The kobold hits you with a +1 whip of electrocution.
You are electrocuted!!
Ouch! That really hurt!
* * * LOW HITPOINT WARNING * * *
You are too injured to fight recklessly!
You are too injured to fight recklessly!
You are too injured to fight recklessly!
You hit the kobold but do no damage. The hobgoblin hits you.
* * * LOW HITPOINT WARNING * * *
You hit the kobold but do no damage. The kobold hits you but does no damage.
The hobgoblin hits you.
You die...

#.# # #.# ###. #.#
.... #.##########
###..##..........#
......#.########.#
.......%..# #.#
#####.#.#.# #.#
.......@..# #.#
######.gK.# #.#
#...## #.# #...#
#.# #.... #####.#
..#..##.....####
## ...####.#...#
...# #.#.#.#
#.#.#.#


You could see a hobgoblin and a kobold.

Vanquished Creatures
  A worm (D:1)
  A leopard gecko (D:1)
  A giant cockroach (D:1)
  2 goblins (D:1)
  2 hobgoblins (D:1)
  A kobold (D:1)
  A ball python (D:1)
  2 rats
11 creatures vanquished.

Notes
Turn   | Place    | Note
-------+----------+-------------------------------------------
     0 | D:1      | Adamkad1 the Draconian Transmuter began the quest for the
                  | Orb.
     0 | D:1      | Reached XP level 1. HP: 16/16 MP: 3/3
   456 | D:1      | Reached XP level 2. HP: 23/23 MP: 3/5
   743 | D:2      | Slain by a hobgoblin

Skill      XL: |  1  2 |
---------------+-------+-----
Dodging        | 2 |  2.0
Fighting       | |  1.5
Unarmed Combat | |  3.1
Spellcasting   | |  2.1
Transmutations | |  2.2

Action                   || total
-------------------------++-------
Melee: Unarmed           ||    47
       Kick              ||     7
       Tailslap          ||     4
       Punch             ||     1
 Cast: Beastly Appendage ||     8
Armor: Skin              ||    11
Dodge: Dodged            ||    22
